Map: [G8] Altitude

Players

Cure

  • Race: Terran Terran
  • Spawn Location: 1:00

Maru - Winner!

  • Race: Terran Terran
  • Spawn Location: 7:00

Event: Gamers8 2023

VOD

Have the link to the VOD?

Description

Time

  • Played on: Aug. 3, 2023, 1:12 p.m.
  • Length: 12:36

All games in this series

Show
View Real Time Build Order
Export as new Build Order

Cure Terran 

Build Orders: Gas First Reaper Expand, Hellion Opening 

Get SALT Encoding   

  12  0:00  SCV  
  13  0:12  SCV  
  14  0:17  Supply Depot  
  14  0:24  SCV  
  14  0:28  Refinery  
  15  0:39  SCV  
  16  0:45  Barracks  
  16  0:51  SCV  
  17  1:03  SCV  
  18  1:15  SCV  
  19  1:31  Orbital Command  
  19  1:32  Reaper  
  20  1:42  Supply Depot  
  20  1:50  Command Center  
  20  1:57  SCV  
  21  2:06  Factory  
  21  2:08  Barracks Reactor  
  21  2:11  SCV  
  22  2:15  Refinery  
  22  2:23  SCV  
  23  2:35  SCV  
  24  2:47  SCV  
  24  2:50  Starport  
  25  2:56  Hellion x2  
  29  3:00  SCV, Barracks Tech Lab  
  29  3:03  Orbital Command  
  30  3:12  SCV  
  31  3:17  Hellion  
  31  3:18  Hellion  
  31  3:19  Orbital Command  
  35  3:20  Supply Depot  
  35  3:24  SCV  
  36  3:33  Raven  
  38  3:36  SCV  
  38  3:40  Hellion x2  
  43  3:44  SCV  
  43  3:46  Supply Depot  
  44  3:48  SCV  
  44  3:50  Barracks Tech Lab  
  45  3:57  SCV  
  45  3:58  Supply Depot  
  45  4:00  SCV  
  45  4:01  Hellion  
  49  4:05  Hellion  
  49  4:09  Raven  
  53  4:10  SCV  
  53  4:13  SCV  
  55  4:19  Supply Depot  
  55  4:23  SCV  
  56  4:25  SCV  
  57  4:35  Marine x2, Cyclone  
  57  4:36  SCV  
  57  4:37  SCV  
  64  4:41  Supply Depot  
  64  4:44  Raven  
  66  4:48  SCV  
  66  4:49  SCV  
  68  4:53  Command Center  
  68  4:56  Marine x2  
  70  5:01  SCV  
  70  5:02  Refinery  
  70  5:03  Refinery, SCV  
  72  5:08  Siege Tank  
  72  5:11  Supply Depot  
  72  5:13  SCV  
  76  5:15  SCV  
  76  5:26  Marine  
  76  5:27  Viking x2  
  80  5:28  SCV x2  
  79  5:40  SCV x2  
  77  5:43  Siege Tank  
  77  5:48  Marine  
  80  5:53  SCV x2  
  82  5:57  Viking  
  84  6:04  Orbital Command  
  84  6:10  Marine  
  83  6:12  Viking  
  83  6:13  SCV x2  
  87  6:19  Siege Tank  
  87  6:25  SCV x2  
  92  6:30  Marine  
  92  6:31  Supply Depot, Stimpack  
  93  6:37  Viking  
  95  6:40  SCV x3  
  95  6:44  Viking  
  95  6:46  Barracks  
  100  6:47  Barracks  
  100  6:48  Marine  
  100  6:53  Siege Tank  
  100  6:54  SCV x3  
  103  7:06  Viking  
  100  7:11  SCV x2  
  100  7:12  SCV  
  100  7:14  Marine  
  97  7:23  SCV  
  97  7:24  SCV  
  97  7:25  SCV  
  98  7:35  Marine, SCV, Barracks Tech Lab  
  98  7:36  Siege Tank, SCV  
  104  7:37  SCV  
  104  7:38  Engineering Bay  
  104  7:41  Starport Reactor  
  103  7:48  SCV x2  
  103  7:49  SCV  
  106  7:53  Marine  
  106  7:54  Marine  
  106  7:55  Combat Shield  
  106  7:57  Engineering Bay  
  108  8:00  SCV x2  
  108  8:01  SCV  
  108  8:03  Barracks Reactor  
  108  8:05  Terran Infantry Weapons Level 1  
  111  8:06  Missile Turret  
  111  8:08  Siege Tank, Missile Turret  
  111  8:09  Missile Turret  
  111  8:12  SCV  
  117  8:19  Supply Depot  
  117  8:22  SCV  
  117  8:23  SCV  
  117  8:26  Terran Infantry Armor Level 1  
  117  8:37  Barracks  
  117  8:38  Barracks  
  117  8:40  Marine x2, SCV x3  
  124  8:41  Supply Depot  
  124  8:44  Supply Depot  
  124  8:46  Marine  
  125  8:49  Marine  
  123  9:06  Siege Tank  
  108  9:11  Marine  
  108  9:12  Marauder x2, Marine  
  108  9:16  Missile Turret  
  99  9:17  Missile Turret x2  
  93  9:36  Marauder x2, Marine x2  
  93  9:37  Marine  
  93  9:38  Marine  
  74  9:54  Marine x2  
  74  9:57  Marine  
  29  11:05  SCV  
  30  11:17  SCV  
Show
View Real Time Build Order
Export as new Build Order

Maru Terran - Winner!

Build Orders: Mech, Banshee Rush 

Get SALT Encoding   

  12  0:00  SCV  
  13  0:12  SCV  
  14  0:17  Supply Depot  
  14  0:24  SCV  
  15  0:38  SCV  
  15  0:40  Barracks  
  16  0:43  Refinery  
  16  0:51  SCV  
  16  0:54  Refinery  
  17  1:03  SCV  
  18  1:15  SCV  
  19  1:27  Reaper, Orbital Command  
  19  1:31  Supply Depot  
  20  1:45  Factory  
  20  1:53  SCV  
  21  1:59  Reaper  
  22  2:05  SCV  
  23  2:17  SCV  
  24  2:23  Command Center  
  24  2:29  Hellion  
  26  2:31  SCV  
  26  2:34  Reaper  
  28  2:42  Starport  
  28  2:44  SCV  
  28  2:50  Supply Depot  
  29  2:53  Factory Tech Lab  
  29  2:56  SCV  
  30  3:09  SCV  
  31  3:13  Barracks Tech Lab  
  31  3:18  Hellion  
  33  3:21  SCV  
  33  3:26  Cloaking Field, Banshee  
  37  3:33  SCV  
  38  3:35  Orbital Command  
  38  3:45  SCV  
  39  3:49  Cyclone  
  39  3:51  Supply Depot  
  42  3:57  SCV  
  42  4:01  SCV  
  44  4:06  Refinery  
  44  4:09  SCV, Banshee  
  48  4:13  SCV  
  49  4:21  Cyclone, SCV, Supply Depot  
  53  4:24  Hyperflight Rotors  
  53  4:25  SCV  
  54  4:33  SCV  
  54  4:37  SCV  
  54  4:38  Command Center  
  55  4:45  SCV  
  55  4:47  Refinery  
  55  4:49  SCV  
  57  4:53  Banshee  
  57  4:57  SCV  
  61  5:00  Barracks Reactor  
  61  5:01  SCV  
  61  5:04  Supply Depot  
  62  5:10  SCV  
  62  5:12  Siege Tank  
  66  5:14  SCV  
  67  5:22  SCV  
  67  5:26  SCV  
  69  5:34  SCV  
  70  5:36  Banshee  
  70  5:38  SCV  
  70  5:46  SCV  
  71  5:51  SCV  
  71  5:53  Orbital Command  
  72  5:58  SCV  
  72  5:59  Engineering Bay  
  72  6:00  Siege Tank, Factory  
  72  6:01  Barracks Tech Lab  
  72  6:03  SCV  
  77  6:10  SCV  
  78  6:15  Factory, SCV  
  79  6:21  Supply Depot  
  79  6:22  SCV  
  80  6:30  SCV  
  79  6:34  Command Center  
  79  6:37  Viking x2  
  79  6:39  SCV  
  84  6:42  SCV  
  84  6:46  Orbital Command  
  85  6:47  Missile Turret  
  85  7:07  Viking x2  
  85  7:08  Siege Tank x2  
  92  7:26  Siege Tank  
  96  7:30  SCV x3  
  96  7:32  Supply Depot  
  96  7:36  Supply Depot  
  98  7:42  SCV  
  98  7:44  Supply Depot  
  101  7:45  Supply Depot  
  101  7:46  Medivac x2, Siege Tank  
  101  7:48  Barracks Reactor  
  106  7:56  SCV  
  107  8:01  Orbital Command  
  107  8:05  Siege Tank x2  
  113  8:14  Missile Turret  
  113  8:16  Medivac, SCV x2, Supply Depot  
  113  8:17  Orbital Command  
  117  8:20  Medivac  
  119  8:28  SCV x2  
  119  8:31  SCV, Missile Turret  
  122  8:39  Siege Tank, Missile Turret  
  122  8:40  Hellion x2, SCV  
  130  8:43  SCV  
  130  8:45  SCV x2  
  133  8:49  Viking  
  133  8:52  SCV  
  133  8:55  SCV  
  137  9:00  Siege Tank  
  140  9:07  SCV  
  140  9:08  Hellion x2  
  134  9:11  Siege Tank  
  134  9:15  SCV x2  
  98  9:19  SCV  
  90  9:30  Hellion x2  
  88  9:32  Siege Tank  
  67  9:54  SCV  
  67  9:58  SCV  
  57  10:06  SCV  
  54  10:10  SCV  
  54  10:12  Refinery x2  
  54  10:13  Starport  
  50  10:15  Orbital Command  
  50  10:19  SCV  
  45  10:23  SCV, Orbital Command  
  46  10:35  SCV  
  45  10:42  SCV  
  46  10:47  SCV  
  47  10:53  Viking  
  47  10:54  SCV  
  47  10:59  SCV  
  47  11:02  Orbital Command  
  47  11:03  SCV  
  47  11:11  SCV  
  47  11:15  SCV  
  48  11:20  SCV  
  47  11:27  SCV  
  48  11:35  Viking  
  48  11:38  Factory Tech Lab  
  48  11:39  SCV  
  50  11:49  Starport, SCV  
  49  12:00  SCV  
  43  12:01  SCV, Cyclone  
  43  12:12  SCV  
  43  12:13  SCV  
  43  12:24  SCV  
Tags
 
Add a new tag
Caveats
  • Supply blocks, unpowered buildings, or Contaminate may cause inaccurate times.
  • Supply counts are checked every 10 seconds.